 Dungeon Crawl Stone Soup version 0.18-b1-10-g3f7de93 (webtiles) character file.

79 shmeve the Skirmisher (level 4, 0/41 HPs)
             Began as a Minotaur Berserker on Apr 30, 2016.
             Was a Believer of Trog.
             Slain by Sigmund
             ... wielding a +0 scythe
              (10 damage)
             ... on level 2 of the Dungeon.
             The game lasted 00:04:01 (1577 turns).

shmeve the Skirmisher (Minotaur Berserker)          Turns: 1577, Time: 00:04:02

Health: 0/41       AC:  7    Str: 23    XL:     4   Next: 17%
Magic:  3/3        EV: 10    Int:  4    God:    Trog [**....]
Gold:   79         SH:  0    Dex:  9    Spells: 0 memorised, 3 levels left

rFire  . . .     SeeInvis .     a - +0 hand axe
rCold  . . .     Gourm    .     k - +0 scale mail
rNeg   . . .     Faith    .     (no shield)
rPois  .         Spirit   .     (helmet restricted)
rElec  .         Dismiss  .     (no cloak)
rCorr  .         Reflect  .     e - +0 pair of gloves
SustAt .         Harm     .     (no boots)
MR     .....                    (no amulet)
Stlth  ..........               (no ring)
                                j - ring of stealth

@: confused, not resistant to hostile enchantments, extremely unstealthy
A: retaliatory headbutt, horns 2
a: Berserk, Trog's Hand, Burn Spellbooks, Renounce Religion


You were on level 2 of the Dungeon.
You worshipped Trog.
Trog was pleased with you.
You were not hungry.

You visited 1 branch of the dungeon, and saw 2 of its levels.

You collected 79 gold pieces.

Inventory:

Hand Weapons
 a - a +0 hand axe (weapon)
Armour
 e - a +0 pair of gloves (worn)
 k - a +0 scale mail (worn)
Jewellery
 j - a ring of stealth (left hand)
Scrolls
 b - a scroll of teleportation {unknown}
 d - 3 scrolls of blinking {unknown}
 g - a scroll of enchant armour {unknown}
 i - a scroll of fog {unknown}
 m - a scroll of remove curse {unknown}
 n - 6 scrolls of identify {unknown}
Potions
 f - 3 potions of heal wounds {unknown}
 h - 2 potions of mutation {unknown}
 l - a potion of cancellation {unknown}
 o - a potion of curing {unknown}
 p - a potion of berserk rage {unknown}
Comestibles
 c - 2 bread rations


   Skills:
 * Level 4.7 Fighting
 * Level 4.4 Axes
 + Level 1.1 Throwing
 + Level 2.6 Armour
 + Level 2.7 Dodging


You had 3 spell levels left.
You didn't know any spells.

Dungeon Overview and Level Annotations

Branches:
Dungeon (2/15)

Altars:
Cheibriados
Pakellas

Annotations:
D:2 Sigmund


Innate Abilities, Weirdness & Mutations

You reflexively headbutt those who attack you in melee.
You have a pair of horns on your head.


Message History

You feel less confused. Sigmund hits you with a scythe.
* * * LOW HITPOINT WARNING * * *
You barely miss Sigmund.
Sigmund is severely wounded.
You hit the kobold.
The kobold is heavily wounded.
The kobold closely misses you.
Sigmund points at you and mumbles some strange words.
You are confused.
You're too confused!
You're too confused!
Drink which item? (? for menu, Esc to quit)
Okay, then.
You closely miss Sigmund.
Sigmund is severely wounded.
You barely miss the kobold.
The kobold is heavily wounded.
The kobold misses you. Sigmund hits you with a scythe!
You die...

#.# #.# #.# ##§§§§# #..#
# #.# #.# #..
.##§######..#### #.. ..#
### #.##§#≈.≈#.......
... ... .
#.#####..##..#### ### #.
#.##§.#_.'...# ####.
#.##..#..#...#### ......
#.#####.≈#.......
#...##.#########..##..
###....@.##.######..##..
......@K............##..
###..#.############.####
#. #. #.# .. #. #.# ##
#. ##.## .> ##.#.### ##
#.###... ##.#.###


You could see Sigmund and a kobold.

Vanquished Creatures
  Jessica (D:2)
  Terence (D:2)
  A giant gecko (D:1)
  5 bats (D:1)
  A giant cockroach (D:1)
  5 goblins
  5 hobgoblins (D:1)
  2 giant newts
  5 kobolds
  4 rats (D:1)
30 creatures vanquished.

Vanquished Creatures (others)
  An ugly thing (D:2)
1 creature vanquished.

Grand Total: 31 creatures vanquished

Notes
Turn   | Place    | Note
--------------------------------------------------------------
     0 | D:1      | shmeve the Minotaur Berserker began the quest for the Orb.
     0 | D:1      | Reached XP level 1. HP: 19/19 MP: 0/0
   418 | D:1      | Reached XP level 2. HP: 25/27 MP: 1/1
   769 | D:1      | Reached ** piety under Trog
  1252 | D:1      | Reached XP level 3. HP: 33/33 MP: 2/2
  1282 | D:2      | Noticed Terence
  1289 | D:2      | Killed Terence
  1383 | D:2      | Found a snail-covered altar of Cheibriados.
  1496 | D:2      | Noticed Jessica
  1502 | D:2      | Killed Jessica
  1502 | D:2      | Reached skill level 1 in Throwing
  1502 | D:2      | Reached XP level 4. HP: 41/41 MP: 3/3
  1543 | D:2      | Found an oddly glowing altar of Pakellas.
  1543 | D:2      | Noticed a purple ugly thing
  1555 | D:2      | Noticed Sigmund
  1557 | D:2      | Killed a cyan ugly thing
  1577 | D:2      | Slain by Sigmund

Skill      XL: |  1  2  3 |
---------------+----------+-----
Fighting       | 4 |  4.7
Axes           | 4 |  4.4
Throwing       | 1 |  1.1
Armour         | |  2.6
Dodging        | |  2.7

Action                   |  1- 3 |  4- 6 || total
-------------------------+-------+-------++-------
Melee: Hand axe          |    63 |    14 ||    77
       Headbutt          |     4 |     3 ||     7
 Stab: Sleeping          |     1 |       ||     1
  Eat: Chunk             |     2 |       ||     2
Armor: Animal skin       |    11 |       ||    11
       Scale mail        |       |     5 ||     5
Dodge: Dodged            |    34 |     8 ||    42
